 Dungeon Crawl Stone Soup version 0.24-a0-521-g122614bf49 (webtiles) character file.

Game seed: 12415234614531884104

95 Carillon the Sneak (level 4, -2/24 HPs)
             Began as a Vampire Enchanter on July 30, 2019.
             Slain by an orc
             ... wielding a +0 club
              (4 damage)
             ... on level 2 of the Dungeon.
             The game lasted 00:09:22 (2604 turns).

Carillon the Sneak (Vampire Enchanter)              Turns: 2604, Time: 00:09:22

Health: -2/24      AC:  3    Str:  8    XL:     4   Next: 40%
Magic:  2/7        EV: 12    Int: 17    God:
Gold:   53         SH:  0    Dex: 14    Spells: 1/7 levels left

rFire    . . .     SeeInvis +   a - +1 dagger
rCold    + + .     Gourm    .   (no shield)
rNeg     + + +     Faith    .   b - +0 robe
rPois    ∞         Spirit   .   (no helmet)
rElec    .         Reflect  .   j - +0 cloak
rCorr    .         Harm     .   (no gloves)
MR       .....                  (no boots)
Stlth    +++++.....             (no amulet)
HPRegen  0.00/turn              (no ring)
MPRegen  0.10/turn              (no ring)

@: very slightly contaminated, bloodless, regenerating quickly
A: no food, fangs 3, see invisible, unbreathing
a: Bat Form, Revivify


You were on level 2 of the Dungeon.
You were bloodless.

You visited 1 branch of the dungeon, and saw 2 of its levels.

You collected 53 gold pieces.

Inventory:

Hand Weapons
 a - a +1 dagger (weapon)
Armour
 b - a +0 robe (worn)
 j - a +0 cloak (worn)
Jewellery
 h - a cursed ring of attention {unknown}
 i - an uncursed amulet of faith {unknown}
Scrolls
 c - a scroll of remove curse {unknown}
 d - 3 scrolls of identify {unknown}
 f - a scroll of immolation {unknown}
 k - a scroll of fear {unknown}
Potions
 g - a potion of heal wounds {unknown}
 l - 2 potions of degeneration {unknown}
 m - a potion of agility {unknown}


   Skills:
 * Level 3.4 Short Blades
 - Level 2.1 Dodging
 + Level 6.1 Stealth
 - Level 2.0 Spellcasting
 - Level 4.4 Hexes
 - Level 1.0 Ice Magic


You had one spell level left.
You knew the following spells:

 Your Spells              Type           Power        Failure   Level  Hunger
a - Corona                Hex            ###....      3%          1    N/A
b - Ensorcelled Hibernat  Hex/Ice        ##....       10%         2    N/A
c - Confuse               Hex            ###.....     10%         3    N/A

Your spell library contained the following spells:

 Spells                   Type           Power        Failure   Level  Hunger
 Tukima's Dance           Hex            ###.....     10%         3    N/A
 Dazzling Spray           Conj/Hex       #.....       24%         3    N/A

Dungeon Overview and Level Annotations

Branches:
Dungeon (2/15)

Altars:


Innate Abilities, Weirdness & Mutations

You do not eat.
You do not regenerate when monsters are visible.
You are frail without blood (-20% HP).
You are immune to poison.
You have razor-sharp teeth.
You have supernaturally acute eyesight. (SInv)
You can survive without breathing.


Message History

The orc hits you with a +0 war axe!
* * * LOW HITPOINT WARNING * * *
It was a potion of curing.
You feel better. The orc barely misses you.
You hit the orc.
The orc is heavily wounded.
You barely miss the orc.
The orc is heavily wounded.
The orc closely misses you.
You hit the orc.
The orc is almost dead.
The orc hits you with a +0 war axe!
* * * LOW HITPOINT WARNING * * *
You barely miss the orc.
The orc is almost dead.
You hit the orc.
You kill the orc!
You hit the orc.
The orc is lightly wounded.
The orc hits you with a +0 club.
You die...

#####.....# ##.##.#
#.###.#######...#.#
####.# #.............#
#....###.#######...###
#.##.............†##
##.######.##########
...# #.# ####
#.##########.#
#.......@oS.#
############.#


You could see an adder and an orc.

Vanquished Creatures
  3 adders (D:2)
  2 oozes (D:1)
  2 worms (D:2)
  A dart slug (D:1)
  2 leopard geckos (D:1)
  3 orcs (D:2)
  2 giant cockroaches (D:1)
  4 goblins
  8 hobgoblins
  4 kobolds
  A quokka (D:2)
  A ball python (D:1)
  7 bats
  2 frilled lizards (D:2)
  7 rats
49 creatures vanquished.

Notes
Turn   | Place    | Note
-------+----------+-------------------------------------------
     0 | D:1      | Carillon the Vampire Enchanter began the quest for the Orb.
     0 | D:1      | Reached XP level 1. HP: 13/13 MP: 3/3
   326 | D:1      | Reached skill level 5 in Stealth
   326 | D:1      | Reached XP level 2. HP: 15/15 MP: 5/5
   349 | D:1      | Learned a level 2 spell: Ensorcelled Hibernation
   913 | D:1      | Reached XP level 3. HP: 17/19 MP: 6/6
   918 | D:1      | Learned a level 3 spell: Confuse
  1229 | D:1      | Reached skill level 1 in Ice Magic
  2377 | D:2      | Reached XP level 4. HP: 24/24 MP: 7/7
  2439 | D:2      | Reached skill level 6 in Stealth
  2604 | D:2      | Slain by an orc

Levels and vault maps discovered:
D:1:      psy_arrival_radial01, layout_basic
D:2:      minmay_chambers_of_ones, layout_loops_ring, first_ration

Skill      XL: |  1  2  3  4 |
---------------+-------------+-----
Stealth        | 5 6 |  6.1
Short Blades   | 2 3 |  3.4
Ice Magic      | 1 |  1.0
Dodging        | |  2.1
Spellcasting   | |  2.0
Hexes          | |  4.4

Action                   |  1- 3 |  4- 6 || total
-------------------------+-------+-------++-------
Melee: Dagger            |   141 |    25 ||   166
       Bite              |    16 |       ||    16
 Cast: Ensorcelled Hiber |     5 |     2 ||     7
 Abil: Exsanguinate      |     1 |       ||     1
  Use: Potion            |       |     1 ||     1
 Stab: Sleeping          |    20 |     4 ||    24
Armor: Robe              |    32 |     3 ||    35
Dodge: Dodged            |    92 |     7 ||    99

Table legend:
 A = Non-vault XP
 B = Vault XP
 C = Vault XP percentage of total XP
 D = Non-vault monster count
 E = Vault monster count
 F = Vault count percentage of total count
                 A         B        C        D         E       F
            +---------+---------+-------+---------+---------+-------
      Total |     137 |       0 |   0.0 |      49 |       0 |   0.0
            +---------+---------+-------+---------+---------+-------
        D:1 |      61 |       0 |   0.0 |      28 |       0 |   0.0
        D:2 |      76 |       0 |   0.0 |      21 |       0 |   0.0
            +---------+---------+-------+---------+---------+-------
